 Dungeon Crawl Stone Soup version 0.29.0-7-g18a832c13a (webtiles) character file.

Game seed: 1972573513331863336

374 Leibowitz the Cutter (level 7, -7/44 HPs)
             Began as a Kobold Fighter on Aug 30, 2022.
             Was an Initiate of Okawaru.
             Mangled by an ogre
             ... wielding a +0 giant club
              (28 damage)
             ... on level 4 of the Dungeon.
             The game lasted 00:06:27 (5242 turns).

Leibowitz the Cutter (Kobold Fighter)               Turns: 5242, Time: 00:06:28

Health: -7/44      AC:  5    Str: 13    XL:     7   Next: 3%
Magic:  7/7        EV: 14    Int: 10    God:    Okawaru [......]
Gold:   215        SH:  6    Dex: 16    Spells: 6/6 levels left

rFire   . . .      SeeInvis .   a - +0 rapier
rCold   . . .      Faith    +   c - +0 buckler
rNeg    . . .      Spirit   .   x - +0 leather armour
rPois   .          Reflect  .   v - +0 helmet
rElec   .          Harm     .   (no cloak)
rCorr   .          Rampage  .   o - +0 pair of gloves
Will    .....                   (no boots)
Stlth   +++.......              s - amulet of faith
HPRegen 0.14/turn               p - ring of flight
MPRegen 0.10/turn               (no ring)

@: flying
A: small, no large weapons, nightstalker 3
a: Renounce Religion


You were on level 4 of the Dungeon.
You worshipped Okawaru.
Okawaru was noncommittal.
You visited 1 branch of the dungeon, and saw 4 of its levels.

You collected 215 gold pieces.

Inventory:

Hand Weapons
 a - a +0 rapier (weapon)
Armour
 c - a +0 buckler (worn)
 o - a +0 pair of gloves (worn)
 v - a +0 helmet (worn)
 x - a +0 leather armour (worn)
Jewellery
 p - a ring of flight (left hand)
 s - an amulet of faith (around neck)
Wands
 t - a wand of charming (7)
Scrolls
 e - 2 scrolls of teleportation {unknown}
 g - 2 scrolls of fear {unknown}
 h - 2 scrolls of amnesia {unknown}
 j - a scroll of brand weapon {unknown}
 k - 5 scrolls of blinking {unknown}
 l - 2 scrolls of magic mapping {unknown}
 r - 3 scrolls of identify {unknown}
 w - a scroll of enchant armour {unknown}
 y - a scroll of poison {unknown}
Potions
 b - a potion of attraction {unknown}
 d - 2 potions of might
 f - 3 potions of curing {unknown}
 i - a potion of cancellation {unknown}
 m - a potion of flight {unknown}
 n - a potion of degeneration {unknown}
 q - a potion of mutation {unknown}
 u - 2 potions of heal wounds {unknown}
 z - a potion of brilliance {unknown}


   Skills:
 * Level 4.3 Fighting
 * Level 5.3 Short Blades
 + Level 3.0 Armour
 * Level 2.3 Dodging
 * Level 3.5 Stealth
 * Level 3.3 Shields


You had 6 spell levels left.
You didn't know any spells.
Your spell library was empty.

Dungeon Overview and Level Annotations

Branches:
Dungeon (4/15)             Temple (0/1) D:4

Altars:
Cheibriados
Okawaru
Trog
Uskayaw
Yredelemnul
The Shining One


Innate Abilities, Weirdness & Mutations

You are small and have problems with some larger weapons.
You are completely attuned to the shadows.


Message History

The ogre barely misses you.
Throw: 5 darts (poison)
Press: ? - help, Q - select action, (/) - cycle Shift-Dir - straight line, f/p - ogre
Aim: an ogre, wielding a +0 giant club (76% to hit)
You throw a poisoned dart. The poisoned dart hits the ogre.
The ogre is poisoned.
The ogre hits you with a +0 giant club!
Throw: 4 darts (poison)
Press: ? - help, Q - select action, (/) - cycle Shift-Dir - straight line, f/p - ogre
Aim: an ogre, wielding a +0 giant club (lightly wounded, poisoned, 76% to hit)
You throw a poisoned dart.
The poisoned dart completely misses the ogre.
The poisoned dart completely misses the adder.
The ogre misses you.
Throw: 3 darts (poison)
Press: ? - help, Q - select action, (/) - cycle Shift-Dir - straight line, f/p - ogre
Aim: an ogre, wielding a +0 giant club (lightly wounded, poisoned, 76% to hit)
You throw a poisoned dart. The poisoned dart hits the ogre.
The ogre looks even sicker.
The ogre is lightly wounded.
The adder looks more healthy.
You reach down and open the door.
You block the ogre's attack. The ogre attacks as you move away!
You block the ogre's attack.
There is an open door here.
Things that are here:
a +0 giant spiked club; an ogre corpse Throw: 2 darts (poison)
Press: ? - help, Q - select action, (/) - cycle Shift-Dir - straight line, f/p - ogre
Aim: an ogre, wielding a +0 giant club (heavily wounded, poisoned, 76% to hit)
You throw a poisoned dart. The poisoned dart hits the ogre.
The ogre is heavily wounded.
Throw: dart (poison)
Press: ? - help, Q - select action, (/) - cycle Shift-Dir - straight line, f/p - ogre
Aim: an ogre, wielding a +0 giant club (heavily wounded, poisoned, 76% to hit)
You throw a poisoned dart. The poisoned dart hits the ogre.
The ogre looks even sicker.
The ogre is heavily wounded.
The ogre hits you with a +0 giant club!!
Ouch! That really hurt!
You die...

(......####......#
.....#########
.....#....#......#
..............
.....####........#
.(....########
.....# ###......#
###+#.# # .....#
#......#### #.# #
.....# #......'..#
#.# ######
....)####
#.....(##.##
...... ........#
#....SO##S.#
.####. ..#.....#
#.....@###.# #
###. ..#....)#
#......# #(#.#.
##... .##...[.#
#......###(#...
..... .##.....#
######.....##
##.## ###.....#
#...(..# ##.##
#.....# #........
..... ###.....#
.......#.# ###.
........#
........#.# #.
###.....#
....##### #.


You could see an ogre (very poisoned) and an adder.

Vanquished Creatures
  An ogre (D:4)
  A phantom (D:4)
  A howler monkey (D:4)
  A hound (D:4)
  5 adders
  4 gnolls
  An ufetubus (D:4)
  2 orcs
  6 endoplasms
  6 giant cockroaches
  4 goblins
  5 hobgoblins
  2 jackals (D:3)
  2 quokkas
  3 ball pythons
  6 bats
  3 frilled lizards
  8 kobolds
  3 rats
  A spectral orc (D:3)
65 creatures vanquished.

Notes
Turn   | Place    | Note
-------+----------+-------------------------------------------
     0 | D:1      | Leibowitz the Kobold Fighter began the quest for the Orb.
     0 | D:1      | Reached XP level 1. HP: 14/14 MP: 1/1
   209 | D:1      | Reached XP level 2. HP: 16/19 MP: 2/2
   373 | D:1      | Found a faded altar of an unknown god.
   730 | D:1      | Reached XP level 3. HP: 23/23 MP: 3/3
   927 | D:1      | Reached skill level 3 in Short Blades
  1846 | D:3      | Reached skill level 1 in Stealth
  1966 | D:3      | Reached XP level 4. HP: 13/29 MP: 4/4
  2141 | D:3      | Reached skill level 1 in Dodging
  3225 | D:3      | Found a basalt altar of Yredelemnul.
  3304 | D:3      | Found a bloodstained altar of Trog.
  3712 | D:2      | Reached XP level 5. HP: 27/33 MP: 5/5
  4461 | D:2      | Reached skill level 4 in Short Blades
  4744 | D:4      | Found a snail-covered altar of Cheibriados.
  4758 | D:4      | Noticed a phantom
  4775 | D:4      | Killed a phantom
  4776 | D:4      | Reached XP level 6. HP: 24/38 MP: 6/6
  5077 | D:4      | Found an iron altar of Okawaru.
  5080 | D:4      | Found a hide-covered altar of Uskayaw.
  5082 | D:4      | Became a worshipper of Warmaster Okawaru
  5100 | D:4      | Found a staircase to the Ecumenical Temple.
  5121 | D:4      | Found a glowing golden altar of the Shining One.
  5191 | D:4      | Noticed an ogre
  5200 | D:4      | Killed an ogre
  5201 | D:4      | Reached skill level 5 in Short Blades
  5214 | D:4      | Noticed an ogre
  5229 | D:4      | Reached XP level 7. HP: 32/44 MP: 7/7
  5242 | D:4      | Mangled by an ogre

Illustrated notes

Levels and vault maps discovered:
D:1:      dpeg_arrival_renting, layout_basic, serial_co_window_serial,
          co_window_paths_a, co_window_paths_a, co_window_corner_a,
          co_window_cross_1, co_window_paths_a, co_window_corner_b,
          co_window_corner_b, co_window_of_opportunity_c, co_window_broadway_b,
          co_window_4corner_b, co_window_4corner_a, glass_columns_a,
          glass_columns_a, glass_columns_a, glass_columns_b,
          hellmonk_ecumenical_altar_heavens_door
D:2:      layout_loops_ring, serial_glass, glass_columns_b, glass_columns_b,
          glass_columns_b, glass_columns_c, glass_columns_c, glass_columns_b,
          glass_columns_a, glass_columns_b, due_unseen_surprise,
          minmay_strange_pillars, item_on_display_b, minmay_pentomino_v2
D:3:      layout_basic, trog_book, yredelemnul_forgotten_temple_becter
D:4:      layout_basic, mainiacjoe_overflow_chevrons,
          grunt_temple_overflow_open, minmay_temple_entry_large_hall,
          uniq_blork_the_orc

Skill      XL: |  1  2  3  4  5  6 |
---------------+-------------------+-----
Short Blades   | 3 4 5 |  5.3
Stealth        | 1 2 3 |  3.5
Dodging        | 1 2 |  2.3
Shields        | 3 |  3.3
Fighting       | 4 |  4.3
Armour         | 3 |  3.0

Action                   |  1- 3 |  4- 6 |  7- 9 || total
-------------------------+-------+-------+-------++-------
Melee: Rapier            |   132 |   138 |       ||   270
Throw: Dart              |       |       |     6 ||     6
 Stab: Sleeping          |     1 |     9 |       ||    10
Armor: Scale mail        |    54 |    13 |       ||    67
       Leather armour    |       |    13 |       ||    13
Dodge: Dodged            |    66 |    65 |     2 ||   133
Block: Buckler           |    39 |    39 |     2 ||    80
